Map: Nightscape LE

Players

Arganick

  • Race: Zerg Zerg
  • League: Platinum
  • Spawn Location: 7:00

Zonedark

  • Race: Terran Terran
  • Spawn Location: 7:00

Massa - Winner!

  • Race: Terran Terran
  • League: Platinum
  • Spawn Location: 1:00

qqq - Winner!

  • Race: Zerg Zerg
  • League: Platinum
  • Spawn Location: 1:00

VOD

Have the link to the VOD?

Description

Time

  • Played on: Dec. 8, 2020, 6:12 a.m.
  • Length: 13:55
Show
View Real Time Build Order
Export as new Build Order

Arganick Zerg 

Build Orders: Hatch First 

Get SALT Encoding   

  12  0:04  Drone  
  13  0:13  Drone  
  14  0:18  Overlord  
  14  0:37  Drone x3  
  17  0:55  Hatchery  
  16  0:59  Drone  
  16  1:02  Drone  
  18  1:12  Extractor  
  18  1:17  Spawning Pool  
  16  1:20  Drone  
  16  1:23  Drone  
  18  1:31  Drone  
  19  1:47  Overlord  
  19  1:56  Overlord  
  19  2:06  Zergling x2  
  20  2:10  Queen  
  20  2:12  Queen  
  20  2:13  Zergling x2  
  20  2:14  Zergling x2  
  26  2:23  Drone  
  26  2:27  Zergling x2  
  28  2:35  Drone x2  
  30  2:42  Drone  
  31  2:59  Spine Crawler  
  31  3:04  Roach Warren  
  29  3:07  Extractor  
  29  3:11  Queen  
  30  3:13  Queen  
  30  3:15  Drone, Zergling x6  
  36  3:24  Drone  
  36  3:26  Spore Crawler  
  35  3:54  Roach  
  35  3:55  Roach  
  39  3:56  Roach  
  39  3:57  Roach  
  43  4:04  Evolution Chamber  
  42  4:16  Roach  
  41  4:49  Roach  
  41  4:52  Lair  
  43  4:53  Overlord x3  
  43  5:11  Queen  
  43  5:12  Drone  
  43  5:13  Drone x5  
  51  5:16  Zerg Missile Weapons Level 1  
  51  5:27  Drone  
  51  5:28  Drone  
  53  5:38  Drone x2  
  55  5:46  Queen  
  55  5:49  Queen  
  59  5:50  Drone x2  
  59  5:53  Glial Reconstitution  
  61  6:01  Spore Crawler  
  60  6:17  Metabolic Boost  
  60  6:19  Roach x3  
  66  6:34  Spore Crawler  
  66  6:38  Spore Crawler  
  64  6:48  Spore Crawler, Overlord x3  
  64  6:49  Spore Crawler, Overlord  
  62  6:54  Hydralisk Den  
  62  6:55  Spore Crawler  
  62  6:57  Overlord  
  60  7:06  Queen  
  62  7:26  Zerg Missile Weapons Level 2  
  62  7:29  Zergling x2, Roach x2  
  69  7:30  Roach  
  67  7:50  Grooved Spines  
  67  7:52  Drone x4  
  67  7:53  Drone x2  
  73  8:01  Drone x2  
  73  8:04  Spore Crawler  
  74  8:09  Drone  
  75  8:19  Drone x4  
  78  8:41  Spore Crawler  
  77  8:45  Spore Crawler  
  77  8:48  Spore Crawler  
  75  8:49  Roach x4  
  78  9:27  Hatchery, Drone x2  
  78  9:28  Drone x4  
  78  9:30  Overlord  
  78  9:31  Overlord x3  
  83  9:42  Zerg Ground Armor Level 1  
  83  9:55  Spore Crawler  
  83  9:59  Spore Crawler  
  81  10:00  Spore Crawler  
  81  10:03  Extractor  
  79  10:08  Queen  
  79  10:11  Muscular Augments  
  81  10:14  Spore Crawler  
  80  10:26  Evolution Chamber  
  79  10:40  Drone x8  
  79  10:41  Drone x4  
  91  10:45  Roach x4  
  99  10:50  Burrow  
  99  11:05  Drone  
  99  11:06  Drone x2  
  102  11:13  Extractor  
  102  11:15  Extractor  
  102  11:17  Spore Crawler  
  99  11:19  Spore Crawler  
  99  11:21  Spore Crawler x2  
  94  11:33  Hydralisk x4  
  94  11:34  Hydralisk x8  
  94  11:35  Hydralisk  
  94  11:37  Drone  
  121  11:50  Overlord x4  
  121  12:14  Zergling x10  
  121  12:15  Zergling x4  
  128  12:26  Zergling x10  
  93  12:50  Hydralisk, Zergling x4  
  93  12:51  Hydralisk x3, Zergling x2, Roach x2  
  78  12:52  Roach  
  78  12:57  Drone x2  
  76  13:11  Hydralisk x3  
Show
View Real Time Build Order
Export as new Build Order

Zonedark Terran 

Build Orders: Reaper Expand, Mech 

Get SALT Encoding   

  12  0:00  SCV  
  13  0:13  SCV  
  14  0:18  Supply Depot  
  14  0:25  SCV  
  15  0:40  SCV  
  16  0:44  Barracks  
  16  0:51  Refinery  
  16  0:53  SCV  
  17  1:05  SCV  
  18  1:30  SCV  
  19  1:35  Reaper  
  20  1:42  Command Center  
  20  1:43  SCV  
  20  1:45  Refinery  
  21  1:57  Orbital Command  
  21  2:15  Factory  
  21  2:16  Marine  
  22  2:29  SCV  
  23  2:53  SCV, Marine  
  23  2:55  Orbital Command  
  25  3:00  Starport  
  25  3:01  Factory Tech Lab  
  25  3:10  SCV  
  26  3:18  Orbital Command  
  26  3:21  Siege Tank  
  26  3:26  SCV  
  31  3:29  Barracks Reactor  
  30  3:45  Fusion Core  
  30  3:48  SCV  
  30  3:49  SCV  
  32  4:07  Supply Depot  
  32  4:09  Supply Depot  
  34  4:10  Siege Tank  
  34  4:11  Starport Tech Lab  
  27  4:31  SCV  
  27  4:32  SCV  
  28  4:44  SCV x2  
  30  4:46  Refinery  
  30  5:00  SCV x2  
  30  5:03  Supply Depot  
  30  5:05  Engineering Bay  
  32  5:07  Battlecruiser  
  32  5:14  Refinery  
  38  5:25  SCV x2  
  38  5:27  Supply Depot  
  40  5:36  Hi-Sec Auto Tracking  
  40  5:40  Missile Turret  
  40  5:42  SCV x2, Missile Turret  
  42  5:45  Missile Turret  
  42  5:46  Missile Turret  
  42  5:54  SCV x2  
  44  6:06  SCV x2  
  46  6:11  Battlecruiser  
  52  6:52  Missile Turret  
  46  6:58  SCV x2, Armory  
  48  7:10  SCV x2  
  48  7:11  Missile Turret  
  48  7:14  Factory  
  50  7:17  Missile Turret  
  50  7:20  Missile Turret  
  49  7:43  Siege Tank  
  52  7:55  Missile Turret  
  52  7:58  SCV x2  
  54  7:59  Factory, Missile Turret  
  54  8:05  Command Center  
  54  8:07  Factory Tech Lab  
  54  8:17  Supply Depot x2  
  54  8:38  SCV x2, Thor, Battlecruiser  
  68  8:44  Supply Depot  
  68  8:45  Supply Depot  
  67  8:50  SCV x2  
  69  9:03  SCV  
  69  9:05  SCV, Thor  
  69  9:07  Supply Depot  
  69  9:09  Neosteel Armor, Supply Depot x2  
  77  9:10  Supply Depot  
  77  9:11  Terran Vehicle Weapons Level 1  
  77  9:15  Armory  
  76  9:31  Factory Tech Lab  
  76  9:33  Factory  
  76  9:40  Thor  
  82  9:50  Orbital Command  
  82  10:00  Thor  
  82  10:04  Thor  
  94  10:10  Orbital Command  
  94  10:22  Factory Reactor  
  94  10:33  SCV x2  
  96  10:37  SCV  
  97  10:45  SCV x2  
  97  10:49  SCV  
  100  10:52  Thor x2  
  100  10:53  Missile Turret  
  100  10:54  Missile Turret  
  100  10:55  Missile Turret  
  100  10:56  Terran Vehicle And Ship Armor Level 1  
  112  10:57  SCV, Missile Turret  
  112  10:58  Missile Turret  
  112  10:59  Battlecruiser  
  112  11:02  Weapon Refit  
  119  11:04  Hellion x2  
  111  11:33  Thor  
  111  11:37  Refinery, Command Center  
  111  11:39  Refinery  
  117  11:42  Thor  
  117  11:43  Hellion x2  
  127  12:08  Hellion x2  
  131  12:09  Hellion  
  132  12:23  SCV  
  133  12:39  SCV x2  
  133  12:40  Hellion  
  105  12:57  Siege Tank  
  105  12:58  Siege Tank  
  93  13:01  Siege Tank  
Show
View Real Time Build Order
Export as new Build Order

Massa Terran - Winner!

Build Orders: 2 Factory, Hellion Opening 

Get SALT Encoding   

  12  0:00  SCV  
  13  0:12  SCV  
  14  0:22  Supply Depot  
  14  0:24  SCV  
  15  0:36  Refinery  
  15  0:44  SCV  
  15  0:45  Barracks  
  16  0:56  Refinery, SCV  
  17  1:08  SCV  
  18  1:20  SCV  
  19  1:34  Factory  
  19  1:37  Orbital Command  
  19  1:39  Reaper  
  20  1:58  Factory  
  20  2:02  SCV  
  21  2:11  Barracks Tech Lab  
  21  2:22  Supply Depot  
  21  2:26  SCV  
  22  2:38  Barracks Reactor  
  22  2:43  Infernal Pre-Igniter  
  22  2:44  Hellion x2  
  26  2:57  SCV  
  27  2:59  Supply Depot  
  31  3:05  Hellion  
  31  3:06  Hellion  
  31  3:20  SCV  
  34  3:27  Barracks Tech Lab, Hellion  
  34  3:31  Supply Depot  
  34  3:35  Hellion x2  
  38  3:53  Hellion  
  40  3:56  Hellion, Supply Depot  
  40  4:01  Hellion  
  42  4:14  Hellion  
  38  4:39  Hellion  
  38  4:40  Hellion x2  
  42  4:52  SCV  
  41  5:01  Hellion x2  
  45  5:09  Command Center  
  43  5:22  Stimpack  
  43  5:23  Marine  
  43  5:25  Widow Mine x2  
  43  5:26  Widow Mine  
  50  5:34  Engineering Bay  
  50  5:40  SCV  
  51  5:46  Barracks  
  51  5:47  Widow Mine  
  53  5:52  SCV  
  54  6:11  Supply Depot  
  54  6:13  Command Center  
  51  6:26  Cyclone  
  51  6:32  Orbital Command  
  51  6:35  Marine  
  51  6:50  Missile Turret  
  51  6:51  Missile Turret  
  51  6:52  Missile Turret  
  51  7:01  Missile Turret  
  51  7:02  SCV  
  51  7:06  Barracks Reactor  
  52  7:45  SCV x2  
  54  7:51  Command Center, Combat Shield  
  54  7:52  Marine  
  54  7:53  Marauder, Marine  
  54  7:56  Barracks  
  54  7:57  SCV x2, Siege Tank  
  65  7:58  Widow Mine  
  65  8:02  Terran Infantry Weapons Level 1  
  65  8:09  SCV  
  65  8:10  SCV  
  67  8:15  Marine x2  
  71  8:20  Marauder  
  71  8:33  Marine  
  72  8:49  Marauder, Marine  
  72  8:51  Marine  
  72  8:54  Barracks Reactor  
  76  9:00  Armory  
  73  9:07  Marine  
  70  9:11  Marauder  
  70  9:14  Marine  
  73  9:25  Marine  
  74  9:32  SCV, Marauder, Marine  
  74  9:33  SCV  
  74  9:38  Marine x2  
  79  9:43  Marine  
  79  9:44  SCV, Barracks  
  79  9:45  SCV  
  84  9:47  Barracks  
  84  9:50  Marine  
  84  9:51  Starport  
  85  9:53  Marauder  
  85  9:57  Terran Infantry Armor Level 1, SCV  
  85  9:59  Orbital Command  
  88  10:01  SCV  
  83  10:15  Marauder  
  85  10:22  Siege Tank  
  85  10:23  Widow Mine x2  
  86  10:36  Marauder  
  86  10:37  Marine x4  
  92  10:44  Engineering Bay  
  92  10:45  SCV  
  92  10:49  Missile Turret  
  93  10:55  Supply Depot  
  93  11:16  Marine x3, Medivac  
  93  11:17  SCV, Marauder, Sensor Tower  
  101  11:19  Missile Turret  
  101  11:27  Barracks Tech Lab  
  101  11:31  Terran Infantry Weapons Level 2  
  101  11:43  Supply Depot  
  101  11:45  Supply Depot  
  101  12:05  SCV x2, Marauder, Marine x4  
  101  12:07  Thor  
  101  12:08  Marauder  
  117  12:09  Barracks Tech Lab  
  117  12:28  Command Center  
  117  12:30  Supply Depot  
  117  12:37  Concussive Shells  
  117  12:38  Refinery  
  117  12:40  Marauder  
  117  12:41  Marine  
  117  12:42  Marine x2  
  117  12:43  Marauder  
  117  12:45  Refinery  
  97  12:53  Supply Depot  
  97  13:01  Marauder  
  97  13:05  Marauder  
  96  13:07  Marauder, Marine  
  96  13:08  Marine x3  
  100  13:14  Starport Reactor  
  100  13:17  Supply Depot  
  98  13:23  Marauder  
  98  13:25  Marine  
  98  13:26  Marauder  
  103  13:28  Marauder  
  105  13:40  Supply Depot  
Show
View Real Time Build Order
Export as new Build Order

qqq Zerg - Winner!

Build Orders: Hatch First, Brood Lord Corruptor 

Get SALT Encoding   

  12  0:00  Drone  
  13  0:09  Drone  
  14  0:26  Overlord  
  14  0:46  Hatchery, Extractor  
  12  0:50  Drone  
  12  0:54  Drone  
  14  0:58  Drone  
  15  1:12  Drone x2  
  17  1:40  Drone x2  
  17  1:41  Spawning Pool  
  18  1:55  Drone x2  
  18  2:00  Drone  
  21  2:06  Overlord  
  21  2:08  Drone  
  22  2:29  Drone  
  23  2:33  Lair  
  23  2:34  Queen  
  23  2:35  Drone  
  23  2:37  Drone x2  
  28  2:42  Drone  
  28  2:43  Drone  
  30  3:05  Drone x2  
  30  3:08  Overlord  
  31  3:14  Drone, Overlord  
  31  3:17  Drone  
  33  3:21  Drone  
  35  3:27  Drone  
  35  3:32  Spire  
  34  3:42  Drone  
  34  3:44  Hatchery, Drone x2  
  34  3:46  Extractor  
  35  3:49  Extractor x2  
  35  3:52  Drone x3  
  35  3:53  Drone  
  35  3:55  Drone  
  38  4:00  Queen  
  38  4:02  Drone  
  41  4:03  Drone  
  42  4:23  Drone x2  
  42  4:24  Drone x2  
  45  4:30  Overlord x2  
  46  4:32  Drone  
  47  4:40  Drone  
  47  4:43  Mutalisk  
  50  4:49  Mutalisk  
  50  4:50  Drone  
  53  4:53  Hatchery  
  53  4:56  Drone  
  53  4:57  Mutalisk  
  55  5:01  Zerg Flyer Weapons Level 1  
  55  5:06  Infestation Pit  
  54  5:07  Mutalisk  
  54  5:11  Mutalisk, Overlord  
  54  5:13  Overlord  
  58  5:15  Drone  
  58  5:17  Mutalisk  
  58  5:19  Queen  
  63  5:35  Drone x2  
  63  5:36  Mutalisk x2  
  63  5:42  Overlord x2  
  69  5:44  Drone  
  69  5:45  Mutalisk  
  69  5:49  Extractor  
  71  6:00  Mutalisk  
  71  6:02  Overlord  
  71  6:03  Drone x2  
  75  6:10  Mutalisk  
  77  6:12  Mutalisk  
  77  6:14  Drone x2  
  81  6:21  Extractor  
  80  6:25  Corruptor  
  82  6:33  Corruptor  
  82  6:38  Hatchery  
  79  6:56  Mutalisk x3  
  79  7:00  Drone x6  
  91  7:03  Extractor  
  90  7:10  Spore Crawler  
  90  7:11  Drone x2, Mutalisk, Spore Crawler  
  92  7:23  Mutalisk x3  
  92  7:25  Drone x4  
  100  7:40  Corruptor x2  
  100  7:41  Mutalisk  
  100  7:43  Drone x3  
  107  7:46  Spore Crawler  
  107  7:48  Spore Crawler  
  105  7:52  Drone  
  105  7:54  Drone, Queen  
  105  7:56  Drone x2  
  111  8:05  Zerg Flyer Weapons Level 2  
  111  8:06  Hive  
  111  8:09  Corruptor  
  111  8:11  Hatchery  
  111  8:12  Mutalisk  
  114  8:14  Drone x2  
  116  8:20  Overlord  
  116  8:21  Corruptor  
  114  8:38  Hatchery, Mutalisk x2  
  114  8:39  Corruptor x3  
  114  8:40  Drone  
  124  8:46  Extractor  
  123  8:49  Drone  
  123  8:50  Drone x2  
  123  8:53  Overlord x3  
  126  9:17  Corruptor  
  126  9:18  Mutalisk, Corruptor x2  
  126  9:20  Drone x8  
  126  9:21  Drone  
  143  9:30  Drone  
  144  9:32  Overlord x2  
  144  9:50  Overlord  
  144  9:51  Overlord, Corruptor x2  
  148  9:55  Viper  
  148  9:57  Viper  
  154  10:03  Spire  
  153  10:07  Drone x3, Spine Crawler  
  153  10:08  Spore Crawler, Corruptor  
  153  10:09  Corruptor x3  
  153  10:10  Corruptor  
  164  10:21  Corruptor  
  164  10:22  Overlord  
  166  10:43  Greater Spire  
  166  10:47  Drone x3  
  169  11:06  Evolution Chamber  
  169  11:07  Ultralisk Cavern, Evolution Chamber  
  136  11:33  Corruptor x5  
  136  11:34  Corruptor x3  
  152  11:41  Drone x3  
  152  11:42  Drone x2  
  152  11:43  Drone  
  152  11:44  Spore Crawler  
  157  11:51  Zerg Flyer Armor Level 1  
  157  11:59  Brood Lord  
  157  12:00  Brood Lord x5  
  169  12:04  Zergling x4  
  169  12:05  Zergling x12  
  177  12:13  Drone x6  
  177  12:14  Drone  
  184  12:16  Extractor  
  184  12:18  Extractor  
  184  12:19  Extractor  
  181  12:25  Brood Lord x3  
  181  12:27  Brood Lord  
  189  12:30  Zergling x8  
  189  12:31  Zergling x2  
  182  12:47  Brood Lord  
  182  12:48  Brood Lord  
  186  12:58  Brood Lord x2  
  186  13:15  Brood Lord  
Tags
 
Add a new tag
Caveats
  • Supply blocks, unpowered buildings, or Contaminate may cause inaccurate times.
  • Supply counts are checked every 10 seconds.